AoeStats
← 聖君阿耀

Arena

510333049Analyzed
4v4 RM · 1d ago on Sep 30, 2026· 62m 56s· 8 players
Game mode
Random Map
Map size
Large (8 player)
Population
200
Speed
Normal
Resources
Standard
Victory
Conquest
Starting age
Dark Age
Ending age
Imperial Age
RankedLock teamsTeams togetherTeam positionsShared explorationLock speedFull tech treeHidden civsTurbo modeCheats
Victory
Defeat
🇭🇰 Mongols · Hong Kong SAR China
865
+16
🇵🇱 Poles · Poland
856
+16
🇨🇳 Bohemians · China
809
+18
🇨🇳 Franks · China
756
+20
🇹🇷 Japanese · Türkiye
959
-21
🇩🇪 Vikings · Germany
920
-19
🇵🇱 Romans · Poland
810
-16
🇨🇱 Chinese · Chile
758
-14
MrFractal
10:21 Feudal Age
14:27 Castle Age
13:57 Double-Bit Axe
21:56 Town Watch
21:56 Loom
22:47 Wheelbarrow
23:22 Bow Saw
27:55 Imperial Age
26:51 Hand Cart
26:37 Town Patrol
27:09 Horse Collar
27:20 Gold Mining
27:21 Stone Mining
27:44 Forging
27:41 Scale Barding Armor
27:18 Treadmill Crane
27:34 Murder Holes
28:00 Ballistics
28:58 Heavy Plow
29:35 Stone Shaft Mining
31:07 Crop Rotation
31:00 Conscription
30:52 Szlachta Privileges
31:14 Chain Barding Armor
31:30 Iron Casting
30:47 Fletching
31:59 Chemistry
31:10 Masonry
31:11 Fortified Wall
32:19 Bloodlines
32:10 Husbandry
31:31 Cavalier
32:45 Siege Engineers
34:34 Blast Furnace
33:58 Bodkin Arrow
34:05 Scale Mail Armor
42:42 Chain Mail Armor
42:28 Bracer
聖君阿耀
0:29 Loom
13:22 Feudal Age
14:51 Wheelbarrow
17:24 Castle Age
15:33 Double-Bit Axe
15:57 Horse Collar
16:45 Fletching
18:56 Bloodlines
24:44 Town Watch
26:32 Hand Cart
26:54 Bow Saw
28:29 Heavy Plow
29:40 Padded Archer Armor
29:51 Gold Mining
30:07 Husbandry
30:28 Bodkin Arrow
31:22 Leather Archer Armor
31:11 Nomads
35:10 Imperial Age
33:22 Thumb Ring
33:14 Murder Holes
33:36 Caravan
35:08 Gold Shaft Mining
34:23 Stone Mining
35:12 Elite Mangudai
36:23 Conscription
36:31 Ballistics
36:41 Parthian Tactics
36:34 Bracer
38:10 Chemistry
36:37 Light Cavalry
38:44 Fortified Wall
38:56 Drill
38:50 Forging
38:45 Scale Barding Armor
40:17 Hoardings
48:56 Iron Casting
48:41 Chain Barding Armor
47:45 Hussar
48:30 Scale Mail Armor
51:38 Coinage
50:35 Cavalier
50:36 Elite Steppe Lancer
51:32 Masonry
51:27 Siege Engineers
51:14 Guard Tower
52:26 Blast Furnace
51:41 Chain Mail Armor
51:28 Squires
51:14 Arson
53:16 Stone Shaft Mining
52:18 Sappers
52:18 Heavy Camel Rider
54:07 Banking
58:42 Spies/Treason
hui
10:57 Feudal Age
12:17 Loom
14:16 Wheelbarrow
16:53 Castle Age
14:39 Horse Collar
16:31 Double-Bit Axe
17:24 Town Watch
19:51 Bow Saw
22:49 Heavy Plow
25:56 Hand Cart
27:28 Chemistry
28:16 Town Patrol
29:31 Chemistry
28:01 Pikeman
31:57 Imperial Age
30:24 Scale Mail Armor
30:46 Squires
32:09 Chain Mail Armor
32:04 Forging
32:03 Houfnice
32:51 Halberdier
34:56 Plate Mail Armor
35:02 Iron Casting
36:18 Conscription
49:09 Blast Furnace
60:18 Siege Engineers
鹿头
4:57 Loom
11:00 Feudal Age
12:13 Double-Bit Axe
15:49 Castle Age
20:31 Bow Saw
23:44 Wheelbarrow
23:45 Stone Mining
25:34 Hand Cart
30:51 Imperial Age
28:48 Scale Barding Armor
28:54 Forging
29:22 Husbandry
32:03 Chain Barding Armor
31:53 Forging
33:17 Chemistry
32:24 Siege Engineers
32:16 Murder Holes
31:54 Cavalier
33:03 Conscription
33:21 Plate Barding Armor
33:20 Gold Mining
36:19 Iron Casting
36:34 Gold Shaft Mining
39:00 Blast Furnace
39:25 Paladin
41:06 Masonry
58:31 Caravan
Dominika
2:52 Loom
12:44 Feudal Age
14:21 Double-Bit Axe
14:57 Horse Collar
20:18 Castle Age
18:23 Stone Mining
18:36 Gold Mining
21:28 Bow Saw
21:30 Heavy Plow
23:11 Wheelbarrow
22:22 Town Watch
23:01 Squires
22:22 Pikeman
24:51 Town Patrol
25:24 Hand Cart
31:25 Caravan
35:34 Imperial Age
33:41 Fortified Wall
33:35 Scale Mail Armor
34:29 Ballistics
34:22 Forging
34:03 Fletching
34:20 Scale Barding Armor
34:25 Husbandry
35:08 Ballistas
35:20 Bloodlines
36:28 Iron Casting
36:09 Chain Mail Armor
36:03 Halberdier
37:06 Conscription
36:53 Heavy Scorpion
38:45 Elite Centurion
41:02 Blast Furnace
40:02 Bodkin Arrow
40:43 Crop Rotation
42:45 Chain Barding Armor
42:48 Siege Engineers
43:00 Masonry
Guppy
12:04 Feudal Age
12:35 Horse Collar
12:42 Double-Bit Axe
17:51 Castle Age
18:57 Heavy Plow
19:09 Bow Saw
21:39 Gold Mining
21:39 Stone Mining
23:40 Gold Shaft Mining
26:11 Fervor
25:45 Treadmill Crane
26:15 Fortified Wall
26:50 Loom
27:17 Arson
27:33 Squires
27:36 Scale Mail Armor
27:46 Forging
27:27 Fletching
30:14 Imperial Age
28:17 Caravan
28:52 Chain Mail Armor
29:35 Ballistics
30:29 Iron Casting
29:50 Bodkin Arrow
32:03 Two-Man Saw
31:38 Plate Mail Armor
31:31 Conscription
31:53 Crop Rotation
31:25 Elite Varangian Guard
32:38 Chieftains
34:21 Chemistry
33:36 Siege Engineers
35:59 Blast Furnace
35:00 Bracer
42:01 Padded Archer Armor
42:14 Masonry
43:44 Leather Archer Armor
44:02 Architecture
47:20 Ring Archer Armor
kuzgun
11:49 Feudal Age
16:47 Castle Age
17:09 Double-Bit Axe
22:23 Fletching
22:44 Loom
30:51 Imperial Age
28:58 Wheelbarrow
28:08 Town Watch
29:08 Wheelbarrow
28:19 Town Watch
29:47 Gold Mining
29:49 Stone Mining
30:15 Caravan
30:36 Bow Saw
30:08 Horse Collar
30:48 Forging
30:38 Scale Mail Armor
30:42 Pikeman
31:22 Squires
31:08 Gambesons
31:09 Arson
31:24 Bodkin Arrow
32:05 Iron Casting
33:47 Chain Mail Armor
33:33 Bracer
33:42 Padded Archer Armor
35:31 Blast Furnace
35:38 Conscription
35:50 Plate Mail Armor
38:25 Leather Archer Armor
38:40 Halberdier
40:17 Heavy Plow
43:43 Ring Archer Armor
43:26 Elite Samurai
49:52 Kataparuto
SEXO FUERTE
0:29 Loom
12:24 Feudal Age
13:25 Double-Bit Axe
15:43 Wheelbarrow
15:58 Horse Collar
21:43 Castle Age
19:56 Stone Mining
21:06 Gold Mining
22:58 Hand Cart
24:57 Bow Saw
25:52 Heavy Plow
26:35 Stone Shaft Mining
26:35 Gold Shaft Mining
26:22 Thumb Ring
26:26 Pikeman
27:07 Squires
28:40 Fletching
28:51 Padded Archer Armor
33:54 Imperial Age
33:42 Ballistics
36:08 Conscription
35:49 Capped Ram
36:54 Great Wall
37:12 Heavy Rocket Cart
38:36 Scale Barding Armor
41:53 Two-Man Saw
Connection lost

Rejoining the realm…

Still unreachable

The connection could not be restored.

Session expired

The server has moved on; the page needs a fresh start.